 Dungeon Crawl Stone Soup version 0.19-a0-1907-gcff654f (webtiles) character file.

216 Ijustatesigmund the Conjurer (level 5, 0/42 HPs)
             Began as a Naga Wizard on Oct 21, 2016.
             Slain by Leszczynek's ghost (7 damage)
             ... on level 3 of the Dungeon.
             The game lasted 00:12:54 (3547 turns).

Ijustatesigmund the Conjurer (Naga Wizard)          Turns: 3547, Time: 00:12:55

Health: 0/42       AC:  7    Str:  9    XL:     5   Next: 93%
Magic:  2/9        EV:  9    Int: 19    God:
Gold:   71         SH:  0    Dex: 10    Spells: 4 memorised, 2 levels left

rFire  + . .     SeeInvis +     g - +0 short sword (curse)
rCold  . . .     Gourm    .     i - +2 robe {rF+}
rNeg   + . .     Faith    .     (no shield)
rPois  +         Spirit   .     b - +1 hat
rElec  .         Reflect  .     d - +1 cloak
rCorr  +         Harm     .     (no gloves)
MR     .....                    (no barding)
Stlth  ++........               n - amulet of inaccuracy (curse)
                                l - ring of positive energy
                                h - ring of resist corrosion

@: flying, repel missiles, drained, very slow
A: see invisible, deformed body, poison resistance, slowness 2, slow metabolism
1, spit poison 1, AC +1
a: Spit Poison


You were on level 3 of the Dungeon.
You were not hungry.

You visited 1 branch of the dungeon, and saw 3 of its levels.

You collected 71 gold pieces.

Inventory:

Hand Weapons
 g - a cursed +0 short sword (weapon)
 m - a cursed -2 rapier
Missiles
 p - 2 steel tomahawks (quivered)
Armour
 b - a +1 hat (worn)
 d - a +1 cloak (worn)
 i - a +2 robe of fire resistance (worn)
Jewellery
 h - a ring of resist corrosion (left hand)
 l - a ring of positive energy (right hand)
 n - a cursed amulet of inaccuracy (around neck)
Wands
 j - a wand of teleportation (2/9)
Scrolls
 a - a scroll of identify {unknown}
Potions
 e - a potion of curing
Books
 c - a book of Minor Magic

   Spells                             Type                      Level
   a - Magic Dart                     Conjuration                  1
   b - Blink                          Translocation                2
   c - Call Imp                       Summoning                    2
   d - Repel Missiles                 Charms/Air                   2
   e - Slow                           Hexes                        2
   f - Conjure Flame                  Conjuration/Fire             3
   g - Mephitic Cloud                 Conjuration/Poison/Air       3


   Skills:
 - Level 1.5(1.0) Dodging
 - Level 3.0(2.4) Stealth
 - Level 3.0(2.4) Spellcasting
 + Level 4.1(3.5) Conjurations
   Level 1.0(0.5) Summonings
 + Level 3.8(3.3) Translocations


You had 2 spell levels left.
You knew the following spells:

 Your Spells              Type           Power        Failure   Level  Hunger
a - Magic Dart            Conj           ###.         4%          1    #......
b - Blink                 Tloc           N/A          10%         2    ##.....
c - Repel Missiles        Chrm/Air       #.....       24%         2    ##.....
d - Mephitic Cloud        Conj/Pois/Air  #.......     34%         3    ###....


Dungeon Overview and Level Annotations

Branches:
Dungeon (3/15)

Altars:
Nemelex Xobeh

Annotations:
D:2 Sigmund
D:3 Leszczynek's ghost, weakling OgWr; Terence


Innate Abilities, Weirdness & Mutations

You cannot wear boots.
Your serpentine skin is tough. (AC +1)
You have supernaturally acute eyesight. (SInv)
Armour fits poorly on your strangely shaped body.
Your system is resistant to poisons. (rPois)
You cover ground very slowly.
You have a slow metabolism.
You can spit poison.


Message History

You barely miss Leszczynek's ghost.
Leszczynek's ghost is moderately damaged.
Leszczynek's ghost hits you.
You hit Leszczynek's ghost.
Leszczynek's ghost is heavily damaged.
Leszczynek's ghost hits you but does no damage.
You hit Leszczynek's ghost but do no damage.
Leszczynek's ghost is heavily damaged.
Leszczynek's ghost hits you!
* * * LOW HITPOINT WARNING * * *
Leszczynek's ghost barely misses you.
Leszczynek's ghost laughs, "And you think you're capable of finding the ORB?
I had it, you know.
Then I gave it away so I could steal it AGAIN."
Leszczynek's ghost hits you.
* * * LOW HITPOINT WARNING * * *
Leszczynek's ghost hits you but does no damage.
Leszczynek's ghost shrieks, "You will join me soon!"
Things that are here:
a club; a robe Leszczynek's ghost hits you!
You die...

###.#.##### #.#.####
..#...#...# ##...#..
#.#..##...## # .....#.#
#.#<........ #.##...#.#
#.#......... .......$.#
#.#.........
.......########.#..##.....
#..#..................#
#.(...W@.........###.##
#.##.########.##.# #.#
#.###.##............... .#
#........#################
##########


You could see Leszczynek's ghost.

Vanquished Creatures
  Ijyb (D:3)
  Jessica (D:3)
  Natasha (D:2)
  2 orc wizards (D:3)
  2 adders (D:2)
  An ooze (D:3)
  An adder zombie (D:3)
  A worm (D:2)
  A dart slug (D:2)
  2 leopard geckos (D:2)
  An orc (D:3)
  2 bats
  2 giant cockroaches (D:2)
  6 goblins
  6 hobgoblins
  5 jackals
  10 kobolds
  6 frilled lizards
  6 rats
57 creatures vanquished.

Notes
Turn   | Place    | Note
-------+----------+-------------------------------------------
     0 | D:1      | Ijustatesigmund the Naga Wizard began the quest for the Orb.
     0 | D:1      | Reached XP level 1. HP: 15/15 MP: 4/4
   429 | D:1      | Reached skill level 2 in Conjurations
   429 | D:1      | Reached XP level 2. HP: 11/22 MP: 1/6
   433 | D:1      | Learned a level 2 spell: Blink
   436 | D:1      | Learned a level 2 spell: Repel Missiles
  1262 | D:2      | Reached XP level 3. HP: 28/28 MP: 4/7
  1267 | D:2      | Learned a level 3 spell: Mephitic Cloud
  1666 | D:2      | Found a sparkling altar of Nemelex Xobeh.
  2069 | D:2      | Noticed Sigmund
  2096 | D:3      | Reached XP level 4. HP: 36/36 MP: 2/8
  2329 | D:3      | Noticed Leszczynek's ghost (weakling OgWr)
  2329 | D:3      | Reached skill level 3 in Conjurations
  2817 | D:3      | Noticed Natasha
  2823 | D:3      | Noticed Ijyb
  2852 | D:3      | Killed Ijyb
  2852 | D:3      | Reached XP level 5. HP: 39/42 MP: 2/9
  3001 | D:3      | Noticed Terence
  3236 | D:2      | Killed Natasha
  3466 | D:3      | Noticed Jessica
  3485 | D:3      | Killed Jessica
  3485 | D:3      | Reached skill level 4 in Conjurations
  3547 | D:3      | Slain by Leszczynek's ghost

Vault maps used:
D:1:      minmay_arrival_arboretum_small
D:2:      lemuel_round_altar, uniq_sigmund
D:3:      uniq_iyjb, uniq_jessica, uniq_terence, uniq_natasha

Skill      XL: |  1  2  3  4  5 |
---------------+----------------+-----
Conjurations   | 2 3 4 |  4.1
Translocations | 2 3 |  3.8
Dodging        | |  1.5
Stealth        | |  3.0
Spellcasting   | |  3.0
Summonings     | |  1.0

Action                   |  1- 3 |  4- 6 || total
-------------------------+-------+-------++-------
Melee: Short sword       |     9 |    64 ||    73
Throw: Tomahawk          |       |     3 ||     3
 Cast: Magic Dart        |    77 |    85 ||   162
       Repel Missiles    |     3 |       ||     3
       Mephitic Cloud    |       |     1 ||     1
 Abil: Spit Poison       |     8 |    11 ||    19
  Use: Scroll            |     4 |     3 ||     7
       Potion            |       |     2 ||     2
 Stab: Sleeping          |     2 |       ||     2
       Confused          |       |     1 ||     1
  Eat: Chunk             |     3 |     3 ||     6
       Bread ration      |       |     1 ||     1
Armor: Robe              |    12 |    35 ||    47
Dodge: Dodged            |    16 |    60 ||    76
       Deflected         |     3 |     1 ||     4
